 Dungeon Crawl Stone Soup version 0.28.0-53-g5a82cb258f (webtiles) character file.

Game seed: 12362916398900863890

93 safid the Digger (level 4, -1/26 HPs)
             Began as a Gargoyle Earth Elementalist on Sept 2, 2022.
             Killed from afar by Natasha (6 damage)
             ... with a magic dart
             ... on level 2 of the Dungeon.
             The game lasted 00:03:27 (2152 turns).

safid the Digger (Gargoyle Earth Elementalist)      Turns: 2152, Time: 00:03:28

Health: -1/26      AC:  7    Str: 11    XL:     4   Next: 62%
Magic:  8/8        EV: 12    Int: 18    God:
Gold:   96         SH:  0    Dex: 10    Spells: 7/8 levels left

rFire   . . .      SeeInvis .   b - +2 dagger (venom)
rCold   . . .      Faith    .   (no shield)
rNeg    + . .      Spirit   .   m - +0 robe
rPois   ∞          Reflect  .   n - +1 helmet
rElec   +          Harm     .   (no cloak)
rCorr   .          Rampage  .   (no gloves)
Will    .....                   (no boots)
Stlth   ++........              (no amulet)
HPRegen 0.08/turn               (no ring)
MPRegen 0.11/turn               (no ring)

@: slowed, very slow
A: sickness immunity, AC +3, negative energy resistance 1, electricity
resistance, torment resistance 1, petrification resistance
a: no special abilities


You were on level 2 of the Dungeon.
You visited 1 branch of the dungeon, and saw 2 of its levels.

You collected 96 gold pieces.

Inventory:

Hand Weapons
 b - a +2 dagger of venom (weapon)
Missiles
 c - 50 stones
Armour
 m - a +0 robe (worn)
 n - a +1 helmet (worn)
Scrolls
 d - 2 scrolls of immolation {unknown}
 e - a scroll of magic mapping {unknown}
 f - a scroll of summoning {unknown}
 h - a scroll of fog {unknown}
 j - 3 scrolls of identify {unknown}
 k - a scroll of enchant weapon {unknown}
Potions
 a - a potion of curing {unknown}
 l - a potion of cancellation {unknown}


   Skills:
 + Level 2.1 Fighting
 - Level 2.0 Dodging
 - Level 2.1 Stealth
 + Level 2.9 Spellcasting
 - Level 1.0 Transmutations
 + Level 4.5 Earth Magic


You had 7 spell levels left.
You knew the following spells:

 Your Spells              Type           Power      Damage    Failure   Level
a - Sandblast             Erth           36%        2d10      2%          1

Your spell library contained the following spells:

 Spells                   Type           Power      Damage    Failure   Level
 Passwall                 Tmut/Erth      10%        N/A       9%          2
 Stone Arrow              Conj/Erth      20%        3d8       21%         3
 Petrify                  Tmut/Erth      12%        N/A       47%         4


Dungeon Overview and Level Annotations

Branches:
Dungeon (2/15)

Altars:
Qazlal

Annotations:
D:2 Natasha


Innate Abilities, Weirdness & Mutations

You are immune to sickness and miasma.
Your stone body is resilient. (AC +3)
You are immune to poison.
You resist negative energy. (rN+)
You are resistant to electric shocks. (rElec)
You are resistant to unholy torment.
You are immune to petrification.


Message History

You are too injured to fight recklessly!
You are too injured to fight recklessly!
You are too injured to fight recklessly!
You are too injured to fight recklessly!
Unknown command.
The gnoll shouts!
You hear a shout! x3
The bat misses you. The bat hits you but does no damage. The bat misses you.
Natasha stares at you and mumbles some strange words.
The magic dart hits you.
* * * LOW HITPOINT WARNING * * *
The bat closely misses you.
Natasha mewls in sadness.
The bat hits you but does no damage.
Items here: )))))))) [[ ††††.
The bat completely misses you. The bat closely misses you.
There is an open door here.
Natasha mumbles some strange words.
The bat hits you but does no damage. The bat closely misses you.
The bat barely misses you.
Natasha extends her claws.
Natasha stares at you and mumbles some strange words.
You resist with some effort. The bat barely misses you.
The bat barely misses you. The bat closely misses you.
The bat hits you but does no damage. The bat hits you but does no damage.
The bat closely misses you.
Natasha mumbles some strange words.
You feel troubled.
Natasha stares at you and mumbles some strange words.
The magic dart hits you.
* * * LOW HITPOINT WARNING * * *
Natasha casts a spell at you.
You feel yourself slow down.
Natasha stares at you and mumbles some strange words.
The magic dart hits you.
You die...

.......# #.# ######.# #.# #.# #.#
####.################.#########
###..............................
.....#.################+######.#.
###..#.###############......##.#.
...>........................##.#.
####.#.#####....@...h.......##.#.
#.#.# #.########g......##...
####.#.# #.# #.......####.
.....#.# #.########.......# #.
######.#####.##.............####.
..<..#.....#.##.#.####g###.....#.
...#.#.###.#.# . #.g##.....#.
...#.#.###.#.# ...####.##.....#.
##.#.#...#.#.# _.......#........


You could see Natasha and a gnoll.

Vanquished Creatures
  Natasha (D:2)
  Robin (D:2)
  An adder (D:2)
  A dart slug (D:1)
  3 ball pythons (D:1)
  4 bats
  3 endoplasms
  A giant cockroach (D:1)
  9 goblins
  7 hobgoblins
  2 quokkas (D:1)
  4 frilled lizards (D:1)
  3 kobolds (D:1)
  4 rats (D:1)
44 creatures vanquished.

Notes
Turn   | Place    | Note
-------+----------+-------------------------------------------
     0 | D:1      | safid the Gargoyle Earth Elementalist began the quest for
                  | the Orb.
     0 | D:1      | Reached XP level 1. HP: 10/10 MP: 3/3
   330 | D:1      | Reached skill level 1 in Transmutations
   330 | D:1      | Reached XP level 2. HP: 16/16 MP: 3/5
   701 | D:1      | Reached skill level 1 in Fighting
  1068 | D:1      | Found a faded altar of an unknown god.
  1103 | D:1      | Reached skill level 4 in Earth Magic
  1103 | D:1      | Reached XP level 3. HP: 20/20 MP: 6/6
  1642 | D:2      | Noticed Natasha
  1647 | D:2      | Killed Natasha
  1648 | D:2      | Reached XP level 4. HP: 26/26 MP: 3/8
  2015 | D:2      | Found a stormy altar of Qazlal.
  2043 | D:2      | Noticed Robin
  2058 | D:2      | Killed Robin
  2120 | D:2      | Noticed Natasha
  2152 | D:2      | Killed from afar by Natasha

Illustrated notes

Levels and vault maps discovered:
D:1:      sevenhm_arrival_forest_fort_large_2, layout_loops_ring,
          hellmonk_ecumenical_altar_inner_sanctum, minmay_misc_feat_ornament,
          minmay_cupped
D:2:      layout_basic, basic_altar, uniq_robin, uniq_jessica, uniq_natasha

Skill      XL: |  1  2  3  4 |
---------------+-------------+-----
Transmutations | 1 |  1.0
Fighting       | 1 2 |  2.1
Earth Magic    | 4 |  4.5
Dodging        | 2 |  2.0
Stealth        | |  2.1
Spellcasting   | |  2.9

Action                   |  1- 3 |  4- 6 || total
-------------------------+-------+-------++-------
Melee: Unarmed           |    12 |       ||    12
       Club              |    21 |       ||    21
       Dagger            |    30 |     5 ||    35
       Rapier            |    10 |    33 ||    43
       Punch             |     1 |       ||     1
 Cast: Sandblast         |    18 |     4 ||    22
 Stab: Sleeping          |     4 |     2 ||     6
Armor: Robe              |    26 |    12 ||    38
Dodge: Dodged            |    62 |    26 ||    88
